 Dungeon Crawl Stone Soup version 0.29-a0-823-gc37b1572da (webtiles) character file.

Game seed: 7377778289331508700

39 zeratav the Sneak (level 3, -4/21 HPs)
             Began as an Octopode Venom Mage on July 8, 2022.
             Killed by divine providence
             ... invoked by an orc priest
              (15 damage)
             ... on level 3 of the Dungeon.
             The game lasted 00:02:04 (2588 turns).

zeratav the Sneak (Octopode Venom Mage)             Turns: 2588, Time: 00:02:05

Health: -4/21      AC:  1    Str:  7    XL:     3   Next: 45%
Magic:  6/6        EV: 13    Int: 19    God:
Gold:   165        SH:  0    Dex: 12    Spells: 3/6 levels left

rFire   . . .      SeeInvis .   e - +0 whip {mace}
rCold   . . .      Faith    .   (no shield)
rNeg    + . .      Spirit   .   (helmet restricted)
rPois   .          Reflect  .   l - amulet of magic regeneration {@e2}
rElec   .          Harm     .   f - ring of positive energy
rCorr   .          Rampage  .   (no ring)
Will    .....                   (no ring)
Stlth   ++++......              (no ring)
HPRegen 0.07/turn               (no ring)
MPRegen 0.50/turn               (no ring)
                                (no ring)
                                (no ring)

@: no status effects
A: almost no armour, amphibious, 8 rings, camouflage 1, gelatinous body 1,
(nimble swimmer 1), tentacles
a: no special abilities


You were on level 3 of the Dungeon.
You visited 1 branch of the dungeon, and saw 3 of its levels.

You collected 165 gold pieces.


Innate Abilities, Weirdness & Mutations

You cannot wear most types of armour.
You are amphibious.
You can wear up to eight rings at the same time.
Your skin changes colour to match your surroundings (Stealth+).
Your rubbery body absorbs attacks. (AC +1, EV +1)
((You are camouflaged when in or above water. (Stealth+)))
You have tentacles for arms and can constrict up to eight enemies at once.


   Skills:
 - Level 2.0 Dodging
 * Level 4.7 Stealth
 - Level 2.0 Spellcasting
 - Level 1.0 Transmutations
 + Level 4.2 Poison Magic


You had 3 spell levels left.
You knew the following spells:

 Your Spells              Type           Power      Damage    Failure   Level
a - Sting                 Tmut/Pois      44%        1d5       6%          1
b - Poisonous Vapours     Pois/Air       18%        N/A       11%         2

Your spell library contained the following spells:

 Spells                   Type           Power      Damage    Failure   Level
 Apportation              Tloc           2%         N/A       17%         1
 Necrotise                Necr           4%         1d4       17%         1
 Summon Small Mammal      Summ           4%         N/A       17%         1
 Mephitic Cloud           Conj/Pois/Air  7%         N/A       28%         3
 Olgreb's Toxic Radiance  Pois           18%        N/A       28%         4

Inventory:

Hand Weapons
 e - a +0 whip (weapon) {mace}
   (You took it off a kobold on level 1 of the Dungeon)
Jewellery
 f - a ring of positive energy (left tentacle)
   (You found it on level 1 of the Dungeon)
 l - an amulet of magic regeneration (around mantle) {@e2}
   (You found it on level 2 of the Dungeon)
Wands
 m - a wand of paralysis (8)
   (You found it on level 2 of the Dungeon)
Scrolls
 b - a scroll of teleportation {unknown}
 d - 4 scrolls of identify {unknown}
 h - 2 scrolls of magic mapping {unknown}
 n - 2 scrolls of vulnerability {unknown}
Potions
 a - a potion of magic
 c - a potion of resistance {unknown}
 g - a potion of flight {unknown}
 i - a potion of might {unknown}
 j - a potion of curing {unknown}
 k - a potion of invisibility {unknown}

Dungeon Overview and Level Annotations

Branches:
Dungeon (3/15) Zot: 15409

Altars:

#..## .o. ..o
.o. #o# #.# #.#
#.# #+# #@# #.#
#.#########.####
#......##......#
######.##....#.#
#.........###
####.........
#.#†##.###
#.#.##.#
#.#.##.#


You could see an orc priest and 3 orcs.


Message History

A kobold is nearby!
The sting hits the kobold.
The kobold is poisoned.
The kobold shouts!
MP[-1]
You lost 1 mp, and now have 5/6 mp.
The sting hits the kobold.
The kobold looks even sicker.
You kill the kobold!
You can't see any susceptible monsters within range! (Use Z to cast anyway.)
Things that are here:
a +0 short sword {short}; a kobold corpse
n - a scroll labelled OTZOAM HAICYAF MP[+1]
Your mp is fully restored (6).
Things that are here:
a +0 short sword {short}; a kobold corpse You pick up a book of Cantrips and begin reading...
You add the spells Necrotise, Summon Small Mammal and Apportation to your library.
Unknown command.
A hobgoblin comes into view.
Okay, then.
The hobgoblin shouts!
A quokka comes into view.
The sting hits the hobgoblin.
The hobgoblin is poisoned.
MP[-1]
You lost 1 mp, and now have 5/6 mp.
The sting hits the hobgoblin.
The hobgoblin looks even sicker.
You kill the hobgoblin!
The quokka barely misses you.
You see here a hobgoblin corpse.
MP[+1]
Your mp is fully restored (6).
You barely miss the quokka. Your grab misses the quokka. The quokka bites you.
HP[-2]
You take 2 damage, and now have 19/21 hp.
You hit the quokka.
You kill the quokka!
No target in view!
No target in view!
You see here a quokka corpse.
You see here 2 boomerangs of dispersal {=fthrowing}.
There is an open door here.
You see here a +0 spear {polearm}.
You see here a +0 whip {mace}.
Key pressed, stopping explore.
Done exploring.
HP[+2]
Your hp is fully restored (21).
Done exploring.
Done exploring.
(D) Dungeon
Where to? (Enter - D:2, ? - help)
There is a stone staircase leading down here.
You climb downwards.
You hear the sound of rushing water.
There is an entrance to a sewer on this level.
Hurry and find it before the portal rusts away!
There is a stone staircase leading up here.
There is a stone staircase leading up here.
You see here a +0 mace {mace}.
h - 2 scrolls labelled BALUIS RIPH (gained 1)
You hear the slow rusting of a very distant drain.
You open the door.
Found a stone staircase leading down.
There is an open door here.
d - 4 scrolls labelled ERCHAL SITTIT (gained 1)
You now have 165 gold pieces (gained 11).
n - 2 scrolls labelled OTZOAM HAICYAF (gained 1)
You hear the slow rusting of a very distant drain.
A bat comes into view.
The bat moves out of view.
You miscast Sting.
You are very lightly contaminated with residual magic.
Nothing appears to happen.
The bat hits you but does no damage.
MP[-1]
You lost 1 mp, and now have 5/6 mp.
The sting hits the bat.
The bat is poisoned.
You kill the bat!
You can't see any susceptible monsters within range! (Use Z to cast anyway.) Memorise Poisonous Vapours, consuming 2 spell levels and leaving 3?
You start memorising the spell.
You continue memorising. x2
You finish memorising.
Spell assigned to 'b'.
MP[+1]
Your mp is fully restored (6).
You see here a bat corpse.
Your magical contamination has completely faded away.
You hear the slow rusting of a drain nearby.
An orc comes into view. It is wielding a +0 dagger.
An orc comes into view. It is wielding a +0 short sword.
An orc priest comes into view. It is wielding a +0 whip.
The orc priest shouts!
You hear a shout!
The orc shouts!
An orc comes into view. It is wielding a +0 club.
The orc priest calls down the wrath of Beogh upon you.
Beogh smites you!
The orc shouts!
HP[-10]
You take 10 damage, and now have 11/21 hp.
MASSIVE DAMAGE!! (PAUSE)
The orc priest calls down the wrath of Beogh upon you.
Beogh smites you!
Ouch! That really hurt!
You die...

Skill      XL: |  1  2 |
---------------+-------+-----
Stealth        | 3 4 |  4.7
Poison Magic   | 4 |  4.2
Dodging        | |  2.0
Spellcasting   | |  2.0
Transmutations | |  1.0

Action                   || total
-------------------------++-------
Melee: Unarmed           ||    16
       Tentacles         ||     7
       Constrict         ||     9
       Whip              ||    26
 Cast: Sting             ||    36
 Stab: Sleeping          ||     1
Armor: Skin              ||    12
Dodge: Dodged            ||    33

Levels and vault maps discovered:
D:1:      dpeg_arrival_shelter, layout_basic,
          hellmonk_ecumenical_altar_defaced_shrine
D:2:      layout_basic, mrwooster_statue_mirror
D:3:      layout_loops_corners, gup_sewer_entry_spiral

Notes
Turn   | Place    | Note
-------+----------+-------------------------------------------
     0 | D:1      | zeratav the Octopode Venom Mage began the quest for the
                  | Orb.
     0 | D:1      | Reached XP level 1. HP: 11/11 MP: 3/3
     0 | D:1      | magus.rc [v1.9.6]
    86 | D:1      | Reached skill level 3 in Stealth
   388 | D:1      | Reached XP level 2. HP: 17/17 MP: 1/5
   738 | D:1      | Found a faded altar of an unknown god.
   822 | D:1      | Reached skill level 4 in Poison Magic
   915 | D:1      | Reached skill level 4 in Stealth
  1591 | D:2      | Reached XP level 3. HP: 17/21 MP: 6/6
  2159 | D:2      | Identified the +0 leather armour "Nenuf" {Dex+2}
  2211 | D:2      | You pick up a book of Cantrips and begin reading...
  2211 | D:2      | You add the spells Necrotise, Summon Small Mammal and
                  | Apportation to your library.
  2563 | D:3      | Learned a level 2 spell: Poisonous Vapours
  2588 | D:3      | Killed from afar by an orc priest

Vanquished Creatures
  A worm (D:2)
  A dart slug (D:1)
  2 ball pythons
  4 bats
  3 endoplasms
  3 giant cockroaches (D:1)
  2 goblins (D:2)
  3 hobgoblins
  4 kobolds
  2 quokkas (D:2)
  2 frilled lizards (D:1)
  3 rats (D:1)
30 creatures vanquished.

Table legend:
 A = Non-vault XP
 B = Vault XP
 C = Vault XP percentage of total XP
 D = Non-vault monster count
 E = Vault monster count
 F = Vault count percentage of total count
                 A         B        C        D         E       F
            +---------+---------+-------+---------+---------+-------
      Total |      44 |      12 |  21.4 |      24 |       6 |  20.0
            +---------+---------+-------+---------+---------+-------
        D:1 |      21 |      12 |  36.4 |      12 |       6 |  33.3
        D:2 |      22 |       0 |   0.0 |      11 |       0 |   0.0
        D:3 |       1 |       0 |   0.0 |       1 |       0 |   0.0
            +---------+---------+-------+---------+---------+-------

Illustrated notes

Table legend:
 A = Kills in this place as a percentage of kills in entire the game.
 B = Kills by you in this place as a percentage of kills by you in the entire game.
 C = Kills by friends in this place as a percentage of kills by friends in the entire game.
 D = Other kills in this place as a percentage of other kills in the entire game.
 E = Experience gained in this place as a percentage of experience gained in the entire game.
 F = Experience gained in this place divided by the number of levels of this place that you have seen.
                   A       B       C       D       E      F
               +-------+-------+-------+-------+-------+----------------------
         Total | 100.0 | 100.0 |   N/A |   N/A | 100.0 |  18.7
       Dungeon | 100.0 | 100.0 |   N/A |   N/A | 100.0 |  18.7
               +-------+-------+-------+-------+-------+----------------------

Table legend: (Time is in decaauts)
 A = Elapsed time spent in this place.
 B = Non-inter-level travel time spent in this place.
 C = Inter-level travel time spent in this place.
 D = Time resting spent in this place.
 E = Time spent auto-exploring this place.
 F = Levels seen in this place.
 G = Mean time per level.
                   A        B        C        D        E       F      G
               +--------+--------+--------+--------+--------+-----+--------+
         Total |   2589 |   2563 |     26 |    257 |   2055 |   3 |  863.0 |
       Dungeon |   2589 |   2563 |     26 |    257 |   2055 |   3 |  863.0 |
               +--------+--------+--------+--------+--------+-----+--------+

Top non-repeatable levels by time:
     D:1: 1527 daAuts
     D:2: 887 daAuts
     D:3: 174 daAuts
